 Dungeon Crawl Stone Soup version 0.27-a0-1177-g245c70e1c0 (webtiles) character file.

Game seed: 8252843137804557321

2 Sobieck the Conjurer (level 1, -1/11 HPs)
             Began as a Kobold Conjurer on May 16, 2021.
             Slain by a quokka (4 damage)
             ... on level 1 of the Dungeon.
             The game lasted 00:01:25 (106 turns).

Sobieck the Conjurer (Kobold Conjurer)               Turns: 106, Time: 00:01:25

Health: -1/11      AC:  2    Str:  4    XL:     1   Next: 44%
Magic:  1/3        EV: 14    Int: 19    God:
Gold:   0          SH:  0    Dex: 13    Spells: 3/4 levels left

rFire    . . .     SeeInvis .   (weapon restricted)
rCold    . . .     Faith    .   (shield restricted)
rNeg     . . .     Spirit   .   a - +0 robe
rPois    .         Reflect  .   (no helmet)
rElec    .         Harm     .   (no cloak)
rCorr    .         Rampage  .   (no gloves)
Will     .....                  (no boots)
Stlth    +++.......             (no amulet)
HPRegen  0.03/turn              (no ring)
MPRegen  0.08/turn              (no ring)

@: no status effects
A: small, no large weapons, nightstalker 3
a: no special abilities


You were on level 1 of the Dungeon.
You visited 1 branch of the dungeon, and saw 1 of its levels.


Innate Abilities, Weirdness & Mutations

You are small and have problems with some larger weapons.
You are completely attuned to the shadows.


   Skills:
 + Level 0.4 Fighting
 - Level 2.4 Dodging
 - Level 2.6 Stealth
 - Level 2.1 Spellcasting
 + Level 4.0 Conjurations


You had 3 spell levels left.
You knew the following spells:

 Your Spells              Type           Power      Damage    Failure   Level
a - Magic Dart            Conj           68%        1d6       3%          1

Your spell library contained the following spells:

 Spells                   Type           Power      Damage    Failure   Level
 Searing Ray              Conj           34%        3d4       4%          2
 Dazzling Flash           Conj/Hex       18%        N/A       22%         3
 Fulminant Prism          Conj/Hex       4%         3d6       56%         4
 Iskenderun's Mystic Bla  Conj/Tloc      9%         2d4       56%         4

Inventory:

Hand Weapons
 b - a +0 club {mace}
   (You took it off a goblin on level 1 of the Dungeon)
 c - a +0 hunting sling {sling}
   (You found it on level 1 of the Dungeon)
Armour
 a - a +0 robe (worn)

Dungeon Overview and Level Annotations

Branches:
Dungeon (1/15)

Altars:

.# #+#.# #.#.#
####.#.#######
#....'.##.....
#######.#.##.....
+.....'.#..'........
#.....###.##........
#..><.#.@.##....)...
#.....#r####........
#.....+.####........
#######.#...........
+....'.##........
####.#########+##
+.# #.# ...


You could see a quokka.


Message History

You open the door.
There is an open door here.
You open the door.
There is an open door here.
You open the door.
A goblin comes into view. It is wielding a +0 club.
The magic dart hits the goblin.
You kill the goblin! 😎 MP[-1]
You lost 1 mp, and now have 2/3 mp.
There is an open door here.
b - a +0 club {mace} 😎 MP[+1]
Your mp is fully restored (3).
You open the door.
There is an open door here.
You open the door.
There is an open door here.
A goblin comes into view. It is wielding a +0 dagger.
The magic dart hits the goblin.
The goblin shouts!
You hear a shout! 😎 MP[-1]
You lost 1 mp, and now have 2/3 mp.
The magic dart hits the goblin.
You kill the goblin! 😎 HP[+1] MP[-1]
You now have 11 max hp (+1).
Your hp is fully restored (11).
You lost 1 mp, and now have 1/3 mp.
c - a +0 hunting sling {sling} A quokka comes into view. 😎 MP[+1]
The magic dart hits the quokka but does no damage. 😎 MP[-1]
You lost 1 mp, and now have 1/3 mp.
The magic dart hits the quokka. 😎 MP[-1]
You lost 1 mp, and now have 0/3 mp.
The quokka barely misses you.
The quokka bites you but does no damage.
There is an open door here. 😎 MP[+1]
The quokka bites you but does no damage.
There is an open door here.
There is an open door here.
The quokka bites you. 😕 HP[-1]
You take 1 damage, and now have 10/11 hp.
The quokka barely misses you.
You open the door. The quokka barely misses you. The quokka closely misses you.
There is an open door here. 😕 MP[+1]
The magic dart hits the quokka.
The quokka bites you. 😮 HP[-3] MP[-1]
You take 3 damage, and now have 7/11 hp.
MASSIVE DAMAGE!! (PAUSE)
You lost 1 mp, and now have 1/3 mp.
You are too injured to fight recklessly!
Casting: Magic Dart (safe; 3% risk of failure)
Confirm with . or Enter, or press ? or * to list all spells.
Aiming: Magic Dart (safe; 3% risk of failure)
Press: ? - help, Shift-Dir - straight line, f/p - quokka
Aim: a quokka (almost dead, 100% to hit)
The magic dart hits the quokka but does no damage.
The quokka bites you but does no damage.
The quokka twitches its whiskers.
The quokka misses you. 😮 MP[-1]
You lost 1 mp, and now have 0/3 mp.
Unknown command.
There is an open door here.
The quokka closely misses you.
There is an open door here.
There is an open door here.
The quokka misses you. 😮 MP[+1]
Casting: Magic Dart (safe; 3% risk of failure)
Confirm with . or Enter, or press ? or * to list all spells.
Aiming: Magic Dart (safe; 3% risk of failure)
Press: ? - help, Shift-Dir - straight line, f/p - quokka
Aim: a quokka (severely wounded, 100% to hit)
The magic dart hits the quokka.
The quokka bites you.
* * * LOW HITPOINT WARNING * * *
😨 HP[-2] MP[-1]
You take 2 damage, and now have 5/11 hp.
You lost 1 mp, and now have 0/3 mp.
Unknown command.
There is an open door here.
The quokka misses you. 😮 HP[+1]
The quokka bites you.
* * * LOW HITPOINT WARNING * * *
😨 HP[-3]
You take 3 damage, and now have 3/11 hp.
MASSIVE DAMAGE!! (PAUSE)
There is an open door here. 😨 MP[+1]
There is an open door here.
The quokka bites you.
You die...

Action                   || total
-------------------------++-------
 Cast: Magic Dart        ||     8
Armor: Robe              ||     3
Dodge: Dodged            ||     8

Levels and vault maps discovered:
D:1:      shiori_arrival_maze, layout_basic

Notes
Turn   | Place    | Note
-------+----------+-------------------------------------------
     0 | D:1      | Sobieck the Kobold Conjurer began the quest for the Orb.
     0 | D:1      | Reached XP level 1. HP: 10/10 MP: 3/3
     0 | D:1      | magus.rc [v1.9.6]
   106 | D:1      | Slain by a quokka

Vanquished Creatures
  2 goblins (D:1)
2 creatures vanquished.

Table legend:
 A = Non-vault XP
 B = Vault XP
 C = Vault XP percentage of total XP
 D = Non-vault monster count
 E = Vault monster count
 F = Vault count percentage of total count
                 A         B        C        D         E       F
            +---------+---------+-------+---------+---------+-------
      Total |       2 |       2 |  50.0 |       1 |       1 |  50.0
            +---------+---------+-------+---------+---------+-------
        D:1 |       2 |       2 |  50.0 |       1 |       1 |  50.0
            +---------+---------+-------+---------+---------+-------

Illustrated notes

Table legend:
 A = Kills in this place as a percentage of kills in entire the game.
 B = Kills by you in this place as a percentage of kills by you in the entire game.
 C = Kills by friends in this place as a percentage of kills by friends in the entire game.
 D = Other kills in this place as a percentage of other kills in the entire game.
 E = Experience gained in this place as a percentage of experience gained in the entire game.
 F = Experience gained in this place divided by the number of levels of this place that you have seen.
                   A       B       C       D       E      F
               +-------+-------+-------+-------+-------+----------------------
         Total | 100.0 | 100.0 |   N/A |   N/A | 100.0 |   4.0
       Dungeon | 100.0 | 100.0 |   N/A |   N/A | 100.0 |   4.0
               +-------+-------+-------+-------+-------+----------------------

Table legend: (Time is in decaauts)
 A = Elapsed time spent in this place.
 B = Non-inter-level travel time spent in this place.
 C = Inter-level travel time spent in this place.
 D = Time resting spent in this place.
 E = Time spent auto-exploring this place.
 F = Levels seen in this place.
 G = Mean time per level.
                   A        B        C        D        E       F      G
               +--------+--------+--------+--------+--------+-----+--------+
         Total |    106 |    106 |      0 |      0 |     41 |   1 |  106.0 |
       Dungeon |    106 |    106 |      0 |      0 |     41 |   1 |  106.0 |
               +--------+--------+--------+--------+--------+-----+--------+

Top non-repeatable levels by time:
     D:1: 106 daAuts
